 Dungeon Crawl Stone Soup version 0.29.1-1-gd02db69 (webtiles) character file.

Game seed: 1002968421424161232

88 Ayyar the Ruffian (level 4, 0/44 HPs)
             Began as an Ogre Transmuter on May 4, 2023.
             Was an Initiate of Hepliaklqana.
             Splashed by a jelly's acid (7 damage)
             ... on level 3 of the Dungeon.
             The game lasted 00:11:39 (2815 turns).

Ayyar the Ruffian (Ogre Transmuter)                 Turns: 2815, Time: 00:11:39

Health: 0/44       AC: -5    Str: 14    XL:     4   Next: 53%
Magic:  7/8        EV: 10    Int: 16    God:    Hepliaklqana [......]
Gold:   92         SH:  0    Dex:  9    Spells: 3/9 levels left

rFire   . . .      SeeInvis .     - Unarmed
rCold   . . .      Faith    .   (no shield)
rNeg    . . .      Spirit   .   a - +0 robe
rPois   .          Reflect  .   (helmet currently unavailable)
rElec   .          Harm     .   (no cloak)
rCorr   .          Rampage  .   (gloves unavailable)
Will    .....                   (boots unavailable)
Stlth   +.........              (no amulet)
HPRegen 0.14/turn               (no ring)
MPRegen 0.11/turn               (no ring)

@: appendages, corroded
A: horns 2, talons 2, large, unfitting armour, tough skin 1
a: End Transformation, Renounce Religion


You were on level 3 of the Dungeon.
You worshipped Hepliaklqana.
Hepliaklqana was noncommittal.
You had temporarily grown beastly horns and talons.
You visited 1 branch of the dungeon, and saw 3 of its levels.

You collected 130 gold pieces.
You spent 38 gold pieces at shops.

Inventory:

Missiles
 d - 4 poisoned darts
Armour
 a - a +0 robe (worn)
 j - an orb of guile
Scrolls
 c - 4 scrolls of identify {unknown}
 e - a scroll of enchant weapon {unknown}
 k - a scroll of teleportation {unknown}
 m - a scroll of amnesia {unknown}
Potions
 b - a potion of lignification
 f - a potion of cancellation {unknown}
 g - a potion of resistance {unknown}
 h - a potion of curing {unknown}
 i - 2 potions of brilliance {unknown}
 l - a potion of invisibility {unknown}


   Skills:
 + Level 2.3 Fighting
 + Level 2.2 Dodging
 * Level 3.3 Unarmed Combat
 + Level 3.0 Spellcasting
 * Level 2.6 Transmutations


You had 3 spell levels left.
You knew the following spells:

 Your Spells              Type           Power      Damage    Failure   Level
a - Beastly Appendage     Tmut           20%        N/A       6%          1
b - Wereblood             Tmut           10%        N/A       10%         2
c - Spider Form           Tmut/Pois      6%         N/A       32%         3

Your spell library contained the following spells:

 Spells                   Type           Power      Damage    Failure   Level
 Ice Form                 Ice/Tmut       6%         N/A       73%         4


Dungeon Overview and Level Annotations

Branches:
Dungeon (3/15)

Altars:
Hepliaklqana
Xom

Shops:
D:2 *


Innate Abilities, Weirdness & Mutations

You have temporarily grown beastly horns and talons.
You are too large for most types of armour.
You have tough skin. (AC +1)


Message History

You barely miss the goblin. You claw the goblin.
You kill the goblin!
Your transformation is almost over.
You now have 92 gold pieces (gained 15).
Your horns disappear.
Your talons disappear.
You open the door.
Found a hazy altar of Hepliaklqana.
There is an open door here.
Found a shimmering altar of Xom.
The adder hisses angrily.
The hobgoblin shouts!
There is a hazy altar of Hepliaklqana here.
You kneel at the altar of Hepliaklqana.
Hepliaklqana welcomes you!
You open the door.
There is an open door here.
Found a dagger.
A jelly comes into view.
Found a stone staircase leading up.
The jelly quivers.
Casting: Beastly Appendage (safe; 6% risk of failure)
Confirm with . or Enter, or press ? or * to list all spells.
You grow a pair of large bovine horns.
Your feet morph into talons.
The jelly hits you.
You are splashed with acid!
You hit the jelly.
Your hands burn!
The jelly is lightly wounded.
The jelly hits you. The acid corrodes you!
You are splashed with acid!
You hit the jelly. The acid corrodes you!
Your hands burn!
You headbutt the jelly, but do no damage.
The jelly is moderately wounded.
The jelly hits you.
You are splashed with acid!
* * * LOW HITPOINT WARNING * * *
You hit the jelly.
Your hands burn!
* * * LOW HITPOINT WARNING * * *
The jelly is heavily wounded.
The jelly completely misses you. The jelly hits you.
* * * LOW HITPOINT WARNING * * *
You are splashed with acid!
You die...

.. #. #. #. ### #.
).##### #.##(.....
###### #.##.....# .....#
#..<..J.# ####.#
#######@# #.# #.# #.#
#.##### #.# #.....# ##
#.# #..######Z## #.#
#...'.##S#ยง## #.#
#...#.#####.# #.#
#.###..._#g#
#.###########)####.8.###


You could see a jelly.

Vanquished Creatures
  4 adders (D:2)
  A worm (D:2)
  A dart slug (D:1)
  4 ball pythons
  4 bats
  4 endoplasms
  A giant cockroach (D:1)
  8 goblins
  3 hobgoblins
  7 kobolds
  4 quokkas
  4 rats
45 creatures vanquished.

Notes
Turn   | Place    | Note
-------+----------+-------------------------------------------
     0 | D:1      | Ayyar the Ogre Transmuter began the quest for the Orb.
     0 | D:1      | Reached XP level 1. HP: 19/19 MP: 3/3
   427 | D:1      | Reached XP level 2. HP: 27/28 MP: 3/5
   433 | D:1      | Learned a level 2 spell: Wereblood
   545 | D:1      | Found a faded altar of an unknown god.
   801 | D:1      | Reached XP level 3. HP: 33/35 MP: 5/7
  1837 | D:2      | Reached XP level 4. HP: 14/42 MP: 5/8
  2426 | D:2      | Learned a level 3 spell: Spider Form
  2500 | D:2      | Found Ofythra's Assorted Antiques.
  2508 | D:2      | Bought a red potion for 18 gold pieces
  2508 | D:2      | Bought a scroll labelled SUIKLE TOEFINUGO for 20 gold
                  | pieces
  2787 | D:3      | Found a hazy altar of Hepliaklqana.
  2789 | D:3      | Found a shimmering altar of Xom.
  2790 | D:3      | Noticed a spectral ugly thing
  2794 | D:3      | Became a worshipper of Hepliaklqana the Forgotten
  2815 | D:3      | Splashed by a jelly's acid

Illustrated notes

Levels and vault maps discovered:
D:1:      nzn_arrival_depleted_hourglass, layout_loops_ring,
          ebering_ecumenical_altar_hall, kennysheep_decorative_pillar,
          minmay_misc_feat_roman, minmay_parallelograms
D:2:      layout_rooms, serial_shops, shop
D:3:      layout_loops_ring, regret_index_temple_of_mockery,
          okawaru_metal_pillars_1_2, nicolae_overflow_crystal_walls,
          dk_noncrumbling_4

Skill      XL: |  1  2  3  4 |
---------------+-------------+-----
Dodging        | 2 |  2.2
Transmutations | 2 |  2.6
Fighting       | 2 |  2.3
Unarmed Combat | 3 |  3.3
Spellcasting   | 3 |  3.0

Action                   |  1- 3 |  4- 6 || total
-------------------------+-------+-------++-------
Melee: Unarmed           |    98 |    39 ||   137
       Kick              |    15 |     8 ||    23
       Headbutt          |     6 |     3 ||     9
       Punch             |     3 |       ||     3
 Cast: Beastly Appendage |    17 |     7 ||    24
       Wereblood         |     3 |     2 ||     5
 Stab: Sleeping          |       |     1 ||     1
Armor: Robe              |    25 |    18 ||    43
Dodge: Dodged            |    55 |    24 ||    79
